[Event "Early-Titled-Tuesday-Blitz-February-20-2024"]
[Site "Chess.com"]
[Date "2024.02.20"]
[Round "6"]
[White "Iskusnyh"]
[Black "Juicy_Fork"]
[Result "1-0"]
[WhiteElo "2675"]
[BlackElo "2493"]
[TimeControl "180+1"]
[EndTime "9:10:18 PST"]
[Termination "Iskusnyh won by resignation"]

1. d4 Nf6 2. c4 g6 3. g3 Bg7 4.
Bg2 O-O 5. Nc3 d6 6. Nf3 c5 7.
dxc5 dxc5 8. Qxd8 Rxd8 9. Be3 Na6 10. O-O Ng4 11. Bg5 f6 12. Bf4 e5 13. Bd2 Be6 14.
b3 Nb4 15. Rad1 Rac8 16. a3 Nc6 17. h3 Nh6 18. Ne4 Bf5 19. Bxh6 Bxe4 20. Be3 Nd4 21. Nxd4 Bxg2 22. Kxg2 cxd4 23. Bd2 Bf8 24. Bb4 b6 25. Kf3 a5 26. Bxf8 Kxf8 27. e3 d3 28. a4 f5 29. e4 fxe4+ 30. Kxe4 Rd4+ 31. Ke3 Rdd8 32. f4 exf4+ 33. Rxf4+ Kg7 34. Rd4 Rxd4 35. Kxd4 Rd8+ 36. Kc3 Re8 37. Rxd3 Re1 38. Kd4 Rh1 39. h4 h5 40.
Kd5 Kf6 41. Kc6 Re1 42. Kxb6 Kf5 43. Rd5+ Kg4 44. Rg5+ Kh3 45. c5 Re3 46. c6 Rxb3+ 47. Rb5 Rc3 48. Rc5 Rb3+ 49. Ka7 Re3 50. c7 Re7 51.
Kb6 Rxc7 52. Kxc7 Kxg3 53. Rg5+ Kxh4 54. Rxg6 Kh3 55. Kb6 h4 56. Kxa5 Kh2 57. Kb5 h3 58. a5 Kh1 59. a6 h2 60. Rh6 Kg1 61. Rxh2 Kxh2 62. a7 1-0

[Event "Early-Titled-Tuesday-Blitz-February-20-2024"]
[Site "Chess.com"]
[Date "2024.02.20"]
[Round "6"]
[White "manipun1"]
[Black "lrestevez"]
[Result "1/2-1/2"]
[WhiteElo "2395"]
[BlackElo "2190"]
[TimeControl "180+1"]
[EndTime "9:10:18 PST"]
[Termination "Game drawn - insufficient material"]

1. e4 e5 2. Nf3 Nc6 3. Bb5 a6 4. Ba4 Nf6 5. Bxc6 dxc6 6. d3 Bc5 7. Nbd2 Qe7 8. b3 Bg4 9. Bb2 Nd7 10. h3 Bh5 11. Nf1 f6 12. Ng3 Bg6 13. Nh4 Bf7 14. Nhf5 Qf8 15. O-O O-O-O 16. Qg4 g6 17. Ne3 h5 18. Qf3 h4 19. Ne2 Be6 20. d4 exd4 21.
Nxd4 Bg8 22. Rad1 Ne5 23. Qe2 Qe7 24. Nf3 Bf7 25. Nxe5 fxe5 26. Ng4 Bd6 27. f4 exf4 28. Bxh8 Rxh8 29. e5 Bc5+ 30. Kh1 g5 31. c4 Be6 32. Qf3 Kb8 33. Nf6 Be3 34. Ng4 Bc5 35. Nf6 Be3 36. Rd3 Bf5 37. Rxe3 fxe3 38. Qxe3 Qe6 39. Qxg5 Bd3 40. Rd1 Qf5 41. Qxf5 Bxf5 42. Re1 Be6 43. Kg1 Kc8 44. Ne4 b6 45. Ng5 Kd7 46. Nf3 Ke7 47.
Re4 c5 48. Rxh4 Rxh4 49. Nxh4 b5 50. cxb5 axb5 51. Kf2 c4 52. bxc4 Bxc4 53. a3 c5 54. Ke3 b4 55. axb4 cxb4 56. Nf3 b3 57. Nd2 Bd5 58. Kd4 Bxg2 59. h4 b2 60. Kc3 Ke6 61. Kxb2 Kxe5 62. h5 Kf6 63. Ne4+ Bxe4 64. h6 Bh7 65. Kc3 Ke5 66. Kb2 Kd4 67. Kc1 Kd3 68.
Kd1 Ke3 69. Ke1 Kf4 70. Kf1 Kg5 71. Kg1 Kxh6 1/2-1/2

[Event "Early-Titled-Tuesday-Blitz-February-20-2024"]
[Site "Chess.com"]
[Date "2024.02.20"]
[Round "6"]
[White "AniJak"]
[Black "Shuvalov"]
[Result "1-0"]
[WhiteElo "2343"]
[BlackElo "2514"]
[TimeControl "180+1"]
[EndTime "9:10:19 PST"]
[Termination "AniJak won on time"]

1. e4 e6 2. d4 d5 3. Nd2 c5 4.
Ngf3 Nc6 5. exd5 exd5 6. Bb5 Qe7+ 7. Be2 Qc7 8. O-O Nf6 9. Re1 Be6 10. dxc5 Bxc5 11.
Nb3 Bb6 12. Nfd4 O-O 13. c3 Rae8 14. Bg5 Ne4 15. Bh4 Bc8 16. f3 Qf4 17. fxe4 Qxh4 18. exd5 Ne5 19. Kh1 Bg4 20. Nf3 Bxf3 21. Bxf3 Nxf3 22.
gxf3 Bc7 23. d6 Bxd6 24. Re2 Re6 25. Nd4 Rf6 26. Qe1 Qh3 27. Qf2 Rh6 28. Rg1 Bf4 29. Qg2 Qxg2+ 30. Rgxg2 Rh5 31. Re7 Rb8 32. Kg1 Bd6 33.
Re4 Bc5 34. Kf1 Kf8 35. Rf4 Kg8 36. Nf5 Bf8 37. Nd4 Re8 38. Re4 Rxe4 39. fxe4 g6 40. Re2 Bd6 41. Nf3 Bf4 42. e5 Kf8 43. Kg2 Ke7 44. h3 Ke6 45. c4 b6 46. b4 g5 47. h4 g4 48. Nd4+ Kd7 49. e6+ fxe6 50. Nxe6 Bh6 51. c5 bxc5 52. Nxc5+ Kc6 53. Re6+ Kb5 54.
a3 Bf4 55. Rf6 Be5 56. Rf7 a5 57. Rb7+ Kc6 58. Rf7 axb4 59. axb4 Bd6 60. Rf6 Kd5 61. Nb7 1-0

[Event "Early-Titled-Tuesday-Blitz-February-20-2024"]
[Site "Chess.com"]
[Date "2024.02.20"]
[Round "6"]
[White "Lennis93"]
[Black "klimkoj"]
[Result "0-1"]
[WhiteElo "2697"]
[BlackElo "2868"]
[TimeControl "180+1"]
[EndTime "9:10:21 PST"]
[Termination "klimkoj won by resignation"]

1. d4 Nf6 2. c4 g6 3. Nc3 d5 4. Nf3 Bg7 5. Bf4 O-O 6. Rc1 c5 7. dxc5 dxc4 8. Qxd8 Rxd8 9. e3 Nbd7 10. c6 bxc6 11. Bxc4 Nb6 12. Bb3 Bb7 13. Ne5 e6 14. h3 Rac8 15. Bh2 c5 16. f3 Nfd5 17. e4 Nb4 18.
O-O c4 19. Ba4 Rd2 20. Rb1 Nxa2 21. Bf4 Rdd8 22. Nxa2 Nxa4 23. Nc3 Nb6 24. Ng4 h5 25. Nf2 Nd7 26. Ra1 a6 27. Ra4 Bf8 28. Rfa1 Nb6 29. Ra5 Bb4 30. R5a2 Bc5 31. Kf1 f6 32. e5 f5 33. Bg5 Rd7 34. h4 Kf7 35. Nh3 Bd4 36.
Bf4 Ke7 37. Ne2 Bc5 38. Nc3 Nd5 39. Bg5+ Kf7 40. Nf4 Nxf4 41. Bxf4 Rd3 42. Ra4 Be7 43. Bg5 Bf8 44. Kf2 Bg7 45. Bf4 Bf8 46. Bg5 Bg7 47. Rb4 Rc7 48. Re1 Bf8 49. Ra4 Bc5+ 50. Kg3 Bd4 51. Bf4 Bb6 52. Rb1 a5 53. Rba1 Rc5 54.
R4a2 Bc7 55. Na4 Rb5 56. Nc3 Rb3 57. Rxa5 Bxa5 58. Rxa5 Rd7 59. Rb5 Ba6 60. Rxb3 cxb3 61. Na4 Rc7 62. Bd2 Rc2 63. Bc3 Bb5 64. Nc5 Rxc3 65. bxc3 b2 66. Nb7 b1=Q 67. Nd6+ Ke7 68. c4 Bc6 69. Kf4 Qc1+ 70. Kg3 f4+ 71. Kh2 Qe1 72.
Nf5+ exf5 0-1

[Event "Early-Titled-Tuesday-Blitz-February-20-2024"]
[Site "Chess.com"]
[Date "2024.02.20"]
[Round "6"]
[White "TokChess"]
[Black "paladin_ll"]
[Result "1-0"]
[WhiteElo "2545"]
[BlackElo "2244"]
[TimeControl "180+1"]
[EndTime "9:10:21 PST"]
[Termination "TokChess won on time"]

1. d4 Nf6 2. Nf3 c5 3. c3 cxd4 4. cxd4 d5 5. Nc3 Nc6 6. Bf4 Bf5 7. e3 e6 8. Bd3 Bxd3 9. Qxd3 Bb4 10. O-O Bxc3 11.
Qxc3 O-O 12. Qb3 Qb6 13. Qxb6 axb6 14. Nd2 Ne4 15. Nxe4 dxe4 16. a3 Rfc8 17. Rfc1 Ne7 18. Kf1 Nd5 19. Bd6 Rc6 20. Rxc6 bxc6 21. Rc1 Rc8 22. Ke2 f6 23. Kd2 Kf7 24. f3 f5 25. Be5 g6 26. h4 exf3 27. gxf3 Nf6 28. Kd3 Nd7 29. Bd6 Kf6 30. e4 h6 31. e5+ Kf7 32. Rc3 g5 33. hxg5 hxg5 34. Rc1 g4 35. fxg4 fxg4 36. Ke4 c5 37. dxc5 bxc5 38. Rg1 Rg8 39.
Kf4 g3 40. Rxg3 Rxg3 41. Kxg3 c4 42. Kf4 Nb6 43. Ke4 Na4 44. Kd4 Nxb2 45. Kc3 Na4+ 46.
Kxc4 Ke8 47. Bc5 Kd7 48. Bd4 Kc6 49. Kb4 Kd5 50. Kxa4 Kxd4 51. Kb5 Kxe5 52. a4 Kf4 53. a5 e5 54. a6 e4 55. a7 e3 56. a8=Q e2 57. Qf8+ Ke3 58. Qe7+ Kd2 59. Qd6+ Kc1 60. Qc5+ Kd1 61. Qd4+ Kc1 62. Qc3+ Kd1 63. Qd3+ Ke1 64.
Kc4 1-0

[Event "Early-Titled-Tuesday-Blitz-February-20-2024"]
[Site "Chess.com"]
[Date "2024.02.20"]
[Round "6"]
[White "Abund"]
[Black "Sam_ChessMood"]
[Result "1/2-1/2"]
[WhiteElo "2784"]
[BlackElo "2935"]
[TimeControl "180+1"]
[EndTime "9:10:23 PST"]
[Termination "Game drawn by repetition"]

1. e4 c5 2. Nf3 e6 3. c3 d5 4. exd5 exd5 5. d4 Nc6 6. Bb5 Bd6 7. dxc5 Bxc5 8. O-O Ne7 9. Nbd2 O-O 10. Nb3 Bb6 11. Bd3 h6 12. h3 Qd6 13. Nbd4 Nxd4 14. cxd4 Bf5 15. Re1 Bxd3 16. Qxd3 Nc6 17. Bd2 Rfe8 18. a3 Rac8 19. Rac1 Qf6 20. Bc3 g5 21. Re3 Re6 22. Rce1 Rce8 23. Ne5 Nxe5 24. dxe5 Qg6 25. Qxg6+ fxg6 26. Rd3 Rd8 27. Red1 Rf8 28. R1d2 d4 29. Bxd4 Bxd4 30.
Rxd4 Rxe5 31. Rd7 Re1+ 32. Kh2 Rf7 33. Kg3 Ree7 34. Rxe7 Rxe7 35. Kf3 Kf7 36. Rd6 h5 37. g3 b6 38. a4 Rc7 39. Ke3 Rc2 40. b3 Rc3+ 41.
Rd3 Rc7 42. Ke4 Ke6 43. Ke3 Ke5 44. Kd2 h4 45. Re3+ Kf6 46. Rd3 Re7 47. Rf3+ Kg7 48. Re3 Rf7 49. Ke2 Rc7 50. Rd3 Kf6 51. Kf3 hxg3 52. fxg3 Kf5 53. Rd5+ Kf6 54. Kg4 Rc3 55. Rd6+ Kg7 56. Rd7+ Kh6 57. Rxa7 Rxb3 58. Ra6 Rb4+ 59. Kf3 Kg7 60. a5 bxa5 61. Rxa5 Kh6 62. Ra7 Rb3+ 63. Kg4 Rb4+ 64. Kf3 Rb3+ 65. Kg2 Rb2+ 66. Kf1 Rb3 67. Kg2 Rb2+ 68. Kf3 Rb3+ 1/2-1/2

[Event "Early-Titled-Tuesday-Blitz-February-20-2024"]
[Site "Chess.com"]
[Date "2024.02.20"]
[Round "6"]
[White "Lady_Nika"]
[Black "artin10862"]
[Result "0-1"]
[WhiteElo "2569"]
[BlackElo "2903"]
[TimeControl "180+1"]
[EndTime "9:10:23 PST"]
[Termination "artin10862 won by checkmate"]

1. d4 d5 2. e3 Nf6 3. f4 Bf5 4. Nf3 e6 5. Bd3 Bxd3 6. Qxd3 c5 7.
c3 Nc6 8. O-O Be7 9. Nbd2 O-O 10.
Ne5 Qb6 11. Rf3 a5 12. Rh3 Qa6 13. c4 cxd4 14. Nd7 Rfd8 15. Nxf6+ Bxf6 16. Qxh7+ Kf8 17. cxd5 dxe3 18. Ne4 e2 19. Be3 Rxd5 20. Bc5+ Rxc5 21.
Nxc5 Bd4+ 22. Kh1 Bxc5 23. Qh8+ Ke7 24. Qxg7 Bd4 25. Qg5+ Kd7 26. Qh5 Ke7 27. Re1 Rh8 28. Qg5+ Bf6 29. Qc5+ Ke8 30. Rb3 Bd4 31. Qc2 a4 32. Rd3 Rh5 33. Qxe2 Rd5 34. Qf3 Ne7 35. f5 Rxf5 36. Qh3 Qd6 37. Qg4 e5 38. Rf3 Rxf3 39. Qxf3 Qd5 40. Qa3 b5 41. b3 axb3 42. axb3 f5 43.
b4 e4 44. h3 Qe5 45. Rd1 e3 46. Qa8+ Kf7 47. Qf3 f4 48. Rf1 e2 49. Qxf4+ Qxf4 50. Rxf4+ Kg6 51. Re4 Nf5 52. Rxe2 Ng3+ 53. Kh2 Nxe2 54. h4 Kh5 55. Kh3 Nf4+ 56. Kg3 Be5 57. Kf3 Ne6 58. Ke4 Bc3 59. Kd5 Nc7+ 60. Kc6 Bxb4 61.
Kxc7 Be1 62. Kd6 b4 63. Ke5 b3 64. Kf5 Kxh4 65. g4 b2 66. g5 b1=Q+ 67. Kf6 Bc3+ 68. Kf7 Qf5+ 69. Ke8 Qe6+ 70. Kd8 Ba5# 0-1

[Event "Early-Titled-Tuesday-Blitz-February-20-2024"]
[Site "Chess.com"]
[Date "2024.02.20"]
[Round "6"]
[White "mbojan"]
[Black "Ali_rastbod"]
[Result "1-0"]
[WhiteElo "2864"]
[BlackElo "2689"]
[TimeControl "180+1"]
[EndTime "9:10:25 PST"]
[Termination "mbojan won on time"]

1. e4 e6 2. d4 d5 3. Nc3 Nf6 4. e5 Nfd7 5. f4 c5 6. Nf3 Nc6 7. Be3 Be7 8. Qd2 O-O 9. dxc5 Qa5 10. Bd3 Nxc5 11. O-O-O Nxd3+ 12. cxd3 Bd7 13. Kb1 b5 14.
Nd4 b4 15. Nce2 Rfc8 16. Rc1 Qd8 17. Nxc6 Bxc6 18. Nd4 Bd7 19. g4 f6 20. exf6 Bxf6 21. Qxb4 Rab8 22. Qd2 Qb6 23. Rxc8+ Bxc8 24. Qf2 e5 25.
fxe5 Bxe5 26. Rf1 h6 27. b3 Qg6 28. Nf5 Kh7 29. h3 a5 30. Bd4 Bxf5 31. gxf5 Qf6 32. Bxe5 Qxe5 33. f6 a4 34. Qa7 Rg8 35. f7 Rf8 36. Qxa4 Qe2 37. Qf4 Qxd3+ 38. Kb2 Qxh3 39. a4 d4 40. Rf2 Qc3+ 41. Ka2 d3 42. Qe4+ Kh8 43.
Qe8 Qc5 44. Qe1 Qd5 45. Qd2 Rxf7 46. Rxf7 Qxf7 47. Qxd3 Qf2+ 48. Ka3 Qe1 49. Qd8+ Kh7 50. Qd3+ Kh8 51. b4 Qc1+ 52. Kb3 h5 53. a5 h4 54.
a6 Qc7 55. Qe4 Qf7+ 56. Ka4 h3 57. Qh4+ Kg8 58. Qxh3 Qa2+ 59. Kb5 Qd5+ 60. Kb6 Qd6+ 61. Ka5 Qc7+ 62. Kb5 Qe5+ 63. Kc6 Qe4+ 64. Kc5 Qe5+ 65. Kc4 Qe4+ 66. Kb3 Qb1+ 67. Ka4 Qc2+ 68. Qb3+ 1-0

[Event "Early-Titled-Tuesday-Blitz-February-20-2024"]
[Site "Chess.com"]
[Date "2024.02.20"]
[Round "6"]
[White "Brave_spirit12"]
[Black "Pingah9"]
[Result "1-0"]
[WhiteElo "2734"]
[BlackElo "2530"]
[TimeControl "180+1"]
[EndTime "9:10:25 PST"]
[Termination "Brave_spirit12 won by resignation"]

1. e4 g6 2. d4 Bg7 3. Nc3 a6 4. Be3 d6 5. Nf3 Nd7 6. Qd2 h6 7. O-O-O e6 8. Bd3 b5 9. h4 Ne7 10. h5 g5 11. d5 Bb7 12. dxe6 fxe6 13. Ne2 Nc6 14. Nh2 Qf6 15. c3 Nde5 16. f3 O-O-O 17. Nd4 Nxd3+ 18. Qxd3 Ne5 19. Qe2 Nc4 20. b3 Nxe3 21.
Qxe3 Rhf8 22. Ng4 Qf7 23. Ne2 Rde8 24. Qa7 Qd7 25. e5 Qc6 26. exd6 cxd6 27. Kc2 e5 28. Nf2 d5 29. Rd2 e4 30. fxe4 dxe4 31. Qe3 Kb8 32. Nd4 Qc7 33. Re1 Rc8 34. Nd1 Be5 35. Ne6 Qc6 36. Nxf8 Bf4 37. Nd7+ Kc7 38. Qd4 Bxd2 39.
Ne5 Qf6 40. Kxd2 Rd8 41. Ne3 Rxd4+ 42. cxd4 Qd6 43. Rc1+ Kb8 44. Nf5 Qb4+ 45. Ke3 Qa3 46. Rc2 Qb4 47. Nd7+ Ka7 48. Nc5 Qe1+ 49. Re2 Qg1+ 50.
Rf2 Bd5 51. Ne7 Qe1+ 52. Re2 Qg3+ 53. Kd2 Qf4+ 54. Kd1 Bb7 55. Ng6 Qf1+ 56. Kd2 Qg1 57. Ne5 Qa1 58. Ke3 Qc1+ 59. Kf2 b4 60. Nc4 Qf4+ 61.
Ke1 e3 62. Nxb7 Kxb7 63. Rxe3 Qxd4 64. Re7+ Kc8 65. Re2 Qa1+ 66. Kf2 Qd4+ 67. Re3 Qh4+ 68. Ke2 Qxh5+ 69. Kd3 Qf7 70. Nd6+ 1-0

[Event "Early-Titled-Tuesday-Blitz-February-20-2024"]
[Site "Chess.com"]
[Date "2024.02.20"]
[Round "6"]
[White "seasidesunset"]
[Black "Ural_bogatyr"]
[Result "0-1"]
[WhiteElo "2273"]
[BlackElo "2595"]
[TimeControl "180+1"]
[EndTime "9:10:25 PST"]
[Termination "Ural_bogatyr won by checkmate"]

1. e4 e5 2. Nc3 Nf6 3. f4 d5 4. fxe5 Nxe4 5. Qf3 Nc6 6. Bb5 Nxc3 7. bxc3 a6 8. Bxc6+ bxc6 9. d4 c5 10. Ne2 Qh4+ 11.
Ng3 Be6 12. O-O Qg4 13. Qf2 Be7 14. Ba3 O-O 15. Nf5 Bxf5 16. Qxf5 Qxf5 17. Rxf5 Rfe8 18. Raf1 cxd4 19. Bxe7 Rxe7 20. cxd4 Rb8 21. R5f2 c6 22.
Rc1 c5 23. c3 Rc7 24. Rfc2 c4 25. Rf1 Kf8 26. g4 Ke7 27. Kg2 Rcb7 28. Kg3 Rb2 29. Rxb2 Rxb2 30. Rf2 Rb1 31. h3 a5 32. Re2 Ke6 33. h4 a4 34. Rf2 a3 35. Kf3 Rc1 36. Kf4 Rxc3 37. Rf3 Rxf3+ 38. Kxf3 Kd7 39. Ke2 Kc6 40. Kd2 Kb5 41. Kc3 g6 42. h5 gxh5 43.
gxh5 Ka4 44. h6 Kb5 45. Kc2 Kb4 46. Kd2 Kb5 47. Kc2 Kc6 48. Kc3 Kd7 49. Kb4 Ke6 50.
Kxa3 Kf5 51. Kb4 f6 52. exf6 Kxf6 53. a4 Ke6 54. a5 Kd6 55. Kb5 c3 56. a6 Kc7 57. Kc5 c2 58. Kxd5 c1=Q 59. a7 Kb7 60. a8=Q+ Kxa8 61. Ke6 Qxh6+ 62. Kd7 Qg5 63. d5 Qxd5+ 64.
Kc7 Qg5 65. Kd7 Qf6 66. Ke8 Qg7 67. Kd8 Kb7 68. Ke8 Kc6 69. Kd8 Kd6 70. Kc8 Qc7# 0-1

[Event "Early-Titled-Tuesday-Blitz-February-20-2024"]
[Site "Chess.com"]
[Date "2024.02.20"]
[Round "6"]
[White "ZuraTqebuchava"]
[Black "Actuary44"]
[Result "1/2-1/2"]
[WhiteElo "2273"]
[BlackElo "2508"]
[TimeControl "180+1"]
[EndTime "9:10:25 PST"]
[Termination "Game drawn - insufficient material"]

1. e4 b6 2. d3 Bb7 3. Nc3 e6 4. Nf3 Nf6 5. g3 d5 6. exd5 Nxd5 7. Bg2 Nxc3 8. bxc3 Qf6 9. Bd2 Bd6 10. O-O Nd7 11.
a4 a5 12. c4 h6 13. Rb1 O-O 14. c3 Rad8 15. Nd4 Bxg2 16. Kxg2 Nc5 17. Nc6 Rd7 18. d4 Ne4 19. Qe2 Ng5 20. Bxg5 hxg5 21. Qf3 Qg6 22. c5 bxc5 23. dxc5 g4 24. Qe3 Bxc5 25. Qxc5 Qe4+ 26. Kg1 g6 27. Rfe1 Qxa4 28. Ra1 Qc2 29. Ne5 Rd5 30. Qe3 Kg7 31. Nxg4 Rh8 32. h4 a4 33. Ne5 Qf5 34. Nf3 Rd3 35. Qe5+ Qxe5 36. Nxe5 Rxc3 37. Rxa4 f6 38. Ng4 e5 39.
Ra6 Rf8 40. Rd1 Rc4 41. Rd7+ Rf7 42. Rxf7+ Kxf7 43. Ne3 Rc1+ 44. Kg2 f5 45. Ra7 Ke6 46. Ra6+ c6 47. Ra8 f4 48. gxf4 exf4 49. Ng4 Kf5 50. Nh6+ Ke4 51. Re8+ Kd4 52. Kf3 Rc2 53. Ng4 c5 54.
Kxf4 c4 55. Rd8+ Kc5 56. Rg8 c3 57. Rxg6 Rc1 58. Ne3 Rh1 59. Rh6 Kd4 60. Rh8 Kd3 61. h5 Ke2 62. h6 Kxf2 63. h7 Rh4+ 64. Kg5 Rh1 65. Rf8+ Kxe3 66. h8=Q Rxh8 67. Rxh8 Kd2 68. Rd8+ Ke2 69. Kf4 c2 70. Rc8 Kd2 71. Ke4 c1=Q 72.
Rxc1 Kxc1 1/2-1/2

[Event "Early-Titled-Tuesday-Blitz-February-20-2024"]
[Site "Chess.com"]
[Date "2024.02.20"]
[Round "6"]
[White "FaustinoOro"]
[Black "CaspiIsrael"]
[Result "0-1"]
[WhiteElo "2890"]
[BlackElo "2728"]
[TimeControl "180+1"]
[EndTime "9:10:26 PST"]
[Termination "CaspiIsrael won by resignation"]

1. e4 e5 2. Nf3 Nc6 3. Bb5 g6 4. O-O Bg7 5. Re1 a6 6. Ba4 b5 7.
Bb3 d6 8. c3 Nge7 9. h3 Na5 10.
Bc2 O-O 11. a4 Bb7 12. d4 exd4 13. cxd4 c5 14. Nc3 cxd4 15. Nxd4 b4 16. Nce2 Nc4 17. b3 Ne5 18. Bb2 Re8 19. Qd2 a5 20. Rad1 Qb6 21.
Bb1 Rad8 22. f4 N5c6 23. Kh2 Nxd4 24. Bxd4 Bxd4 25. Nxd4 Rd7 26. Nf3 Red8 27. f5 f6 28.
Nd4 Qc5 29. Ne6 Qe5+ 30. Kh1 Rc8 31. Qh6 Nc6 32. Rd5 Qg3 33. Re3 Qf2 34. fxg6 Ne5 35.
Rd1 hxg6 36. Ree1 Rh7 37. Qd2 Qg3 38. Nf4 g5 39. Nd5 Bxd5 40. Qxd5+ Kh8 41. Rf1 Rxh3+ 42. gxh3 Qxh3+ 43. Kg1 Qg3+ 44. Kh1 Ng4 45. Qd2 Rc7 46. e5 Qh3+ 47. Kg1 Nxe5 48. Qg2 Qxb3 49. Qh2+ Kg8 50. Qg2 Qc3 51. Be4 Qc5+ 52. Kh1 Kg7 53. Rf5 Rc8 54. Rf2 Rh8+ 55. Kg1 Rh4 56. Rf1 Rg4 57. Kh2 Rxg2+ 58.
Kxg2 Qd4 59. Bb7 Qg4+ 60. Kh1 Qh3+ 61. Kg1 Ng4 62. Rg2 Qe3+ 63. Kh1 Qd4 64. Rf3 b3 65. Rxb3 Qd1+ 66. Rg1 Qxb3 67. Rxg4 Qh3+ 68. Kg1 Qxg4+ 0-1

[Event "Early-Titled-Tuesday-Blitz-February-20-2024"]
[Site "Chess.com"]
[Date "2024.02.20"]
[Round "6"]
[White "janhelmer03"]
[Black "Matols"]
[Result "1-0"]
[WhiteElo "2206"]
[BlackElo "2348"]
[TimeControl "180+1"]
[EndTime "9:10:29 PST"]
[Termination "janhelmer03 won on time"]

1. d4 d5 2. c4 e6 3. Nf3 Nf6 4.
g3 Bb4+ 5. Bd2 Be7 6. Bg2 O-O 7. O-O Nbd7 8. Bc3 c6 9. Nbd2 b6 10. Qc2 Bb7 11. e4 dxc4 12. Nxc4 c5 13. Rfe1 cxd4 14.
Nxd4 Rc8 15. Nd2 Ne5 16. N2b3 Bb4 17. Bxb4 Rxc2 18. Nxc2 Re8 19. Rad1 Qa8 20. Bc3 Nc4 21. f3 Rd8 22. Rc1 a5 23. Bf1 Ba6 24. Nbd4 e5 25. Nf5 Nd7 26. Rcd1 g6 27. Ne7+ Kf8 28.
Nd5 a4 29. b3 axb3 30. axb3 Nd6 31. Bb4 Nc5 32. Nxb6 Qc6 33. Nd5 Bxf1 34. Rxf1 Nxb3 35. Nce3 Kg7 36. Kg2 Nb5 37. Rc1 Qe6 38. Rcd1 N5d4 39. Bc3 Rc8 40. Bb2 Qa6 41. f4 Qe2+ 42. Rf2 Qa6 43.
fxe5 Re8 44. Rxd4 Nxd4 45. Bxd4 Re6 46. Nf4 Qa3 47. Nxe6+ fxe6 48. Rd2 Qa5 49. Nf1 Qb4 50. Be3 Qxe4+ 51. Kf2 Qf5+ 52. Bf4 Qe4 53. Ne3 Qb4 54. Rd7+ Kf8 55. Bh6+ Ke8 56. Rxh7 Qb2+ 57. Kf3 Qxe5 58. Bf4 Qc3 59. Rc7 Qb3 60. Rc8+ Kd7 61. Rc7+ Kd8 62. Rc4 Qb7+ 63. Re4 Kd7 64. h4 Ke7 65. Bg5+ Kf7 66.
Ng4 Qd5 67. Ne5+ Ke8 68. Be3 Qb7 69. Kf4 Qd5 70. g4 1-0

[Event "Early-Titled-Tuesday-Blitz-February-20-2024"]
[Site "Chess.com"]
[Date "2024.02.20"]
[Round "6"]
[White "Kotlyar_K"]
[Black "treadstone_71"]
[Result "1-0"]
[WhiteElo "2585"]
[BlackElo "2327"]
[TimeControl "180+1"]
[EndTime "9:10:30 PST"]
[Termination "Kotlyar_K won by resignation"]

1. e4 c5 2. Nf3 Nc6 3. d4 cxd4 4. Nxd4 Nf6 5. Nc3 d6 6. Bg5 e6 7. Qd2 a6 8. Be2 Bd7 9. Bh4 b5 10. f4 Nxe4 11. Nxe4 Qxh4+ 12. g3 Qd8 13. O-O-O d5 14. Ng5 Be7 15. Nxc6 Bxc6 16. Bd3 h6 17. Nf3 Bf6 18.
Rhe1 O-O 19. Ne5 Qc7 20. g4 Rac8 21. g5 hxg5 22. fxg5 Bxe5 23. Kb1 g6 24. h4 d4 25. h5 Bf3 26. hxg6 Bxd1 27. gxf7+ Rxf7 28. Qxd1 Rcf8 29. Qh5 Rg7 30. Rh1 Rf4 31. Bg6 Kf8 32. Qh8+ Ke7 33.
Qe8+ Kd6 34. Bd3 Rgf7 35. g6 Rg7 36. Qa8 Qc6 37. Qd8+ Rd7 38. Qb8+ Kd5 39. c4+ dxc3 40. Be4+ Rxe4 41. Rd1+ Kc5 42. Qa7+ Qb6 43. Qxd7 Qc6 44. Qd3 Kb6 45. Qd8+ Kb7 46. Rd7+ Bc7 47. Rxc7+ Qxc7 48. Qd1 Qc6 49. bxc3 Rc4 50. g7 Rxc3 51. g8=Q Qe4+ 52.
Kb2 Rc2+ 53. Qxc2 Qe5+ 54. Qc3 Qe2+ 55. Qc2 Qe5+ 56. Kb1 Qe1+ 57. Kb2 Qb4+ 58. Ka1 Qe1+ 59. Kb2 Qb4+ 60. Qb3 Qd2+ 61. Kb1 Qe1+ 62. Kc2 Qe2+ 63. Kc3 Qe3+ 64. Kb4 Qd4+ 65. Ka3 Qc5+ 66. Qb4 Qc1+ 67.
Kb3 Qe3+ 68. Qc3 Qb6 69. Qf7+ Kb8 70. Qe7 b4 71. Qexb4 1-0

[Event "Early-Titled-Tuesday-Blitz-February-20-2024"]
[Site "Chess.com"]
[Date "2024.02.20"]
[Round "6"]
[White "Rud_Makarian"]
[Black "ChessLover0108"]
[Result "0-1"]
[WhiteElo "3076"]
[BlackElo "2978"]
[TimeControl "180+1"]
[EndTime "9:10:32 PST"]
[Termination "ChessLover0108 won by resignation"]

1. d4 Nf6 2. c4 e6 3. Nf3 d5 4. g3 Bb4+ 5. Bd2 Be7 6. Bg2 O-O 7. Qc2 Nbd7 8. O-O c6 9. Bf4 b6 10. Nbd2 Ba6 11. Rfe1 c5 12. e4 cxd4 13. exd5 d3 14.
Qd1 exd5 15. Nd4 Bb7 16. N2b3 Bb4 17. Re3 Nc5 18. a3 dxc4 19. Bxb7 Nxb7 20. Nc6 Qd7 21. Nxb4 cxb3 22. Rxd3 Qh3 23. Qf1 Qxf1+ 24. Rxf1 Nc5 25. Re3 Rad8 26. Rfe1 h6 27. h4 Rd7 28. R1e2 a5 29. Nc6 Nd5 30. Rf3 Rc8 31. Ne5 Re7 32. Kf1 Rce8 33. Rd2 Rxe5 34. Bxe5 Rxe5 35. Kg2 f6 36. g4 a4 37. Rf5 Ne6 38. Rxe5 fxe5 39.
Kf3 Nd4+ 40. Ke4 Nf6+ 41. Kd3 Nxg4 42. f4 Ne6 43. fxe5 Nxe5+ 44. Ke4 Nc4 45. Re2 Kf7 46. Rf2+ Ke7 47. Kd5 Ne3+ 48. Kc6 Nd4+ 49. Kxb6 Kd6 50. Ka5 Kc5 51. Kxa4 Kc4 52. Rf7 Nd1 53. Rc7+ Kd3 54.
Rxg7 Nxb2+ 55. Kb4 Nd1 56. Rg1 Ne3 57. a4 b2 58. a5 Nc6+ 59. Kb5 Nxa5 60. Kxa5 Kc2 61. Kb5 b1=Q+ 62. Rxb1 Kxb1 63. Kc5 Nf5 64. Kd5 Nxh4 65. Ke5 Ng6+ 66. Kf5 h5 67. Kxg6 h4 68. Kg5 h3 0-1

[Event "Early-Titled-Tuesday-Blitz-February-20-2024"]
[Site "Chess.com"]
[Date "2024.02.20"]
[Round "6"]
[White "VitaliyBernadskiy"]
[Black "Boundless_Strike"]
[Result "1-0"]
[WhiteElo "2878"]
[BlackElo "2638"]
[TimeControl "180+1"]
[EndTime "9:10:37 PST"]
[Termination "VitaliyBernadskiy won by checkmate"]

1. e4 d6 2. d4 Nf6 3. f3 c6 4. c4 e5 5. Ne2 Be7 6. Nbc3 O-O 7. Be3 Qc7 8. Rc1 Nbd7 9. d5 a5 10. Ng3 Nc5 11. Be2 cxd5 12. cxd5 Bd7 13. O-O Rfc8 14. Bb5 Bxb5 15. Nxb5 Qb6 16. a4 g6 17. Nh1 Nfd7 18.
Nf2 f5 19. exf5 gxf5 20. f4 exf4 21. Bd4 Bf6 22. Rc3 Bxd4 23. Qxd4 Ne4 24. Qxb6 Nxb6 25. Nxe4 fxe4 26. Rxf4 Nxd5 27. Rxc8+ Rxc8 28. Nxd6 Nxf4 29. Nxc8 Nd3 30. Nd6 e3 31. Kf1 Nxb2 32. Nxb7 Nxa4 33. Nxa5 Nc3 34. Nc4 e2+ 35. Kf2 Kg7 36. Ne5 Kf6 37. Nf3 Kf5 38. Ke3 h5 39. Kd3 Nd5 40. Kxe2 Nf4+ 41. Kf2 Kg4 42. Ne5+ Kf5 43. Nf3 Kg4 44. Nd4 h4 45. Ne2 Nd3+ 46. Ke3 Ne1 47. h3+ Kg5 48. Nf4 Nc2+ 49. Ke4 Ne1 50. Ke3 Nc2+ 51. Kf3 Ne1+ 52. Ke4 Nc2 53. Ne6+ Kh5 54. Kf4 Ne1 55. Kf5 Nxg2 56.
Nd4 Ne1 57. Ke4 Ng2 58. Kf3 Ne1+ 59. Ke2 Kg5 60. Kxe1 Kf4 61. Kf2 Kg5 62. Nf3+ Kh5 63. Ke3 Kg6 64. Kf4 Kh6 65. Kg4 Kg6 66. Nxh4+ Kf6 67. Nf3 Kg6 68. h4 Kh6 69. h5 Kg7 70. Ng5 Kh6 71. Ne6 Kh7 72. Kg5 Kh8 73. Kg6 Kg8 74.
Ng5 Kh8 75. h6 Kg8 76. h7+ Kh8 77. Nf7# 1-0

[Event "Early-Titled-Tuesday-Blitz-February-20-2024"]
[Site "Chess.com"]
[Date "2024.02.20"]
[Round "6"]
[White "Alblooshi_Hamad"]
[Black "19912131712118"]
[Result "0-1"]
[WhiteElo "2165"]
[BlackElo "2475"]
[TimeControl "180+1"]
[EndTime "9:10:38 PST"]
[Termination "19912131712118 won by resignation"]

1. d4 d5 2. c4 e6 3. Nc3 Nf6 4. cxd5 exd5 5. Bg5 Be7 6. e3 c6 7. Qc2 Nbd7 8. Bd3 h6 9. Bh4 b5 10. a3 Bb7 11. Nge2 a5 12. O-O Nb6 13. f3 O-O 14. h3 Rc8 15. e4 b4 16. axb4 axb4 17. Na4 Nxa4 18. Rxa4 c5 19. e5 Nd7 20. Bxe7 Qxe7 21.
f4 cxd4 22. Qd2 f6 23. Qxb4 Qxb4 24. Rxb4 Nc5 25. Bf5 Rb8 26. Nxd4 fxe5 27. fxe5 Ba6 28. Rxb8 Rxb8 29. Rc1 Na4 30. Be6+ Kh8 31. b3 Nb6 32. Rc6 Bd3 33. Rd6 Be4 34. Bf5 Na8 35. Bxe4 dxe4 36. e6 Nc7 37. e7 Re8 38. Nc6 Kg8 39. Rd8 Kf7 40. Rd7 Ne6 41. Ne5+ Kf6 42. Ng4+ Kf7 43. Ne5+ Kf6 44. Nc6 Nc5 45. Rd6+ Kf7 46. Kf2 Nxb3 47.
Ke3 Nc5 48. Kd4 Ne6+ 49. Kxe4 Ng5+ 50. Kf5 Rg8 51. Rd7 g6+ 52. Kg4 Re8 53. Ne5+ Kf6 54. Rd8 Kxe7 55. Rxe8+ Kxe8 56. Nxg6 Kf7 57. Kh4 Kxg6 58.
g4 Nf7 59. Kg3 Kg5 60. h4+ Kg6 61. Kf4 Nd6 62. h5+ Kf6 63. Kg3 Nf7 64. Kh4 Ng5 65. Kg3 Ke5 66. Kh4 Ke4 67. Kg3 Ke3 68. Kh4 Ke2 69. Kg3 Ke3 70. Kh4 Ke4 71. Kg3 Ke5 72. Kh4 Kf6 73. Kg3 Nf7 74. Kh4 Nd6 75. Kg3 Kg5 76. Kf3 Nb7 77. Kg3 Nd8 78. Kf3 Ne6 79.
Kg3 Ng7 80. Kf3 Ne8 81. Kg3 Nf6 82. Kh3 Nxg4 83. Kg3 Nf6 84. Kh2 Nxh5 85. Kg1 Nf6 86. Kh1 h5 87. Kg1 Kg4 88. Kh1 h4 89. Kh2 Ne4 90.
Kh1 Ng5 91. Kh2 Kf4 92. Kg1 Kg3 93. Kh1 Ne4 94. Kg1 h3 95. Kh1 Nf2+ 96. Kg1 h2+ 97. Kf1 h1=Q+ 0-1